 Dungeon Crawl Stone Soup version 0.16.0-16-g311141a (console) character file.

738 gw the Magician (level 7, 0/40 HPs)
             Began as a Deep Elf Necromancer on Mar 19, 2015.
             Was a Follower of Kikubaaqudgha.
             Slain by a gnoll
             ... wielding a +0 spear
              (10 damage)
             ... on level 4 of the Dungeon.
             The game lasted 00:06:01 (6993 turns).

gw the Magician (Deep Elf Necromancer)              Turns: 6993, Time: 00:06:01

Health: 0/40       AC:  6    Str:  5      XL:     7   Next: 46%
Magic:  5/24       EV: 14    Int: 22      God:    Kikubaaqudgha [*.....]
Gold:   203        SH:  0    Dex: 13 (15) Spells: 6 memorised, 3 levels left

rFire  . . .     SeeInvis .     a - +0 short sword
rCold  . . .     Clarity  .     n - +0 leather armour
rNeg   . . .     SustAb   .     (no shield)
rPois  .         Gourm    .     (no helmet)
rElec  .         Spirit   .     k - +0 cloak
rCorr  .         Warding  .     i - +0 pair of gloves
rMut   .         Stasis   .     l - +0 pair of boots
MR     .....                    (no amulet)
Stlth  ++........               m - +3 ring of evasion
                                (no ring)

@: not resistant to hostile enchantments, unstealthy
A: no striking features
a: Receive Corpses, Renounce Religion


You were on level 4 of the Dungeon.
You worshipped Kikubaaqudgha.
Kikubaaqudgha was aware of your devotion.
You were not hungry.

You visited 1 branch of the dungeon, and saw 4 of its levels.

You collected 203 gold pieces.

Inventory:

Hand weapons
 a - a +0 short sword (weapon)
Missiles
 j - 18 arrows
Armour
 i - a +0 pair of gloves (worn)
 k - a +0 cloak (worn)
 l - a +0 pair of boots (worn)
 n - a +0 leather armour (worn)
Jewellery
 m - a +3 ring of evasion (right hand)
Scrolls
 p - 3 scrolls of identify
 s - a scroll of recharging
Potions
 d - 2 potions of agility
 e - a potion of poison {unknown}
Books
 b - a book of Necromancy

   Spells                             Type                      Level
   a - Pain                           Necromancy                   1
   b - Animate Skeleton               Necromancy                   1
   c - Vampiric Draining              Necromancy                   3
   d - Regeneration                   Charms/Necromancy            3
   e - Animate Dead                   Necromancy                   4
   f - Control Undead                 Necromancy                   4
 g - a book of the Tempests

   Spells                             Type                      Level
   a - Static Discharge               Conjuration/Air              3
   b - Lightning Bolt                 Conjuration/Air              5
   c - Fireball                       Conjuration/Fire             5
   d - Tornado                        Air                          9
   e - Shatter                        Earth                        9
 r - Kikubaaqudgha's Tome of Stolen Souls
   (Kikubaaqudgha gifted it to you on level 4 of the Dungeon)

   Spells                             Type                      Level
   a - Pain                           Necromancy                   1
   b - Corpse Rot                     Necromancy                   2
   c - Sublimation of Blood           Necromancy                   2
   d - Vampiric Draining              Necromancy                   3
   e - Control Undead                 Necromancy                   4
Comestibles
 c - 4 bread rations
 f - 3 beef jerkies
 h - 3 meat rations
 o - 2 fruits


   Skills:
 + Level 2.9 Fighting
 + Level 2.7 Armour
 - Level 2.4 Dodging
 - Level 2.4 Stealth
 + Level 6.9 Spellcasting
 + Level 6.9 Necromancy


You had 3 spell levels left.
You knew the following spells:

 Your Spells              Type           Power        Failure   Level  Hunger
a - Pain                  Necr           ####         1%          1    None
b - Animate Skeleton      Necr           N/A          1%          1    None
c - Vampiric Draining     Necr           #####.....   2%          3    None
d - Regeneration          Chrm/Necr      ###.......   12%         3    None
e - Animate Dead          Necr           N/A          10%         4    ###....
f - Control Undead        Necr           #####.....   10%         4    ###....


Dungeon Overview and Level Annotations

Branches:
Dungeon (4/15)
 Temple: D:4-7

Altars:
Gozag
Kikubaaqudgha
Okawaru

Shops:
D:4 ?


Message History

Aiming: Vampiric Draining
Press: ? - help, Shift-Dir - straight line, f/p - big kobold
Aim: a big kobold, wielding a short sword (almost dead)
You kill the big kobold!
Kikubaaqudgha accepts your kill.
You feel life coursing into your body. The gnoll hits you but does no damage.
Your hobgoblin zombie closely misses the kobold.
Unknown command.
Unknown command.
Unknown command.
Unknown command.
Casting: Vampiric Draining
Confirm with . or Enter, or press ? or * to list all spells.
Aiming: Pain
Press: ? - help, Shift-Dir - straight line, f - kobold
Aim: a kobold, wielding a dagger (chance 93%)
The kobold convulses in agony!
The kobold hits you but does no damage.
The gnoll hits you from afar with a spear!
You die...
Kikubaaqudgha rasps: "You have failed me!
Welcome... death!"

~~~~~~~~~~~~~~~~~~
##~~~~~~~~~~~~~~~
################
#......## ##....
#.......###Z....
#+##........#ZZZ...
#ZZZZZZ.....#ZZZ...
#ZZZZZZ..)..ZZZ....
#ZeZZZ......#......
#K##Z.......#ZZ....
#$g
#.......###Z....
#$K #......##
##.... #$$ ########
##### ###


You could see a big kobold, a gnoll, a kobold, a friendly rat zombie, 6 friendly
goblin zombies, 4 friendly hobgoblin zombies, 2 friendly orc zombies, a friendly
ball python skeleton, a friendly gnoll skeleton, a friendly orc skeleton and a
friendly orc skeleton.

Table legend:
 A = Turns spent in this place as a percentage of turns spent in the entire game.
 B = Non-inter-level travel turns spent in this place as a percentage of non-inter-level travel turns spent in the entire game.
 C = Inter-level travel turns spent in this place as a percentage of turns spent in this place.
 D = Turns resting spent in this place as a percentage of non-inter-level travel turns spent in this place.
 E = Turns spent auto-exploring this place as a percentage of non-inter-level travel turns spent in this place.
 F = Non-inter-level travel turns spent in this place divided by the number of levels of this place that you've seen.
                   A       B       C       D       E      F
               +-------+-------+-------+-------+-------+----------------------
         Total | 100.0 | 100.0 |   1.0 |   5.5 |   2.5 | 1867.5
       Dungeon | 100.0 | 100.0 |   1.0 |   5.5 |   2.5 | 1867.5
               +-------+-------+-------+-------+-------+----------------------

Table legend:
 A = Kills in this place as a percentage of kills in entire the game.
 B = Kills by you in this place as a percentage of kills by you in the entire game.
 C = Kills by friends in this place as a percentage of kills by friends in the entire game.
 D = Other kills in this place as a percentage of other kills in the entire game.
 E = Experience gained in this place as a percentage of experience gained in the entire game.
 F = Experience gained in this place divided by the number of levels of this place that you have seen.
                   A       B       C       D       E      F
               +-------+-------+-------+-------+-------+----------------------
         Total | 100.0 | 100.0 | 100.0 |  -nan | 100.0 | 263.8
       Dungeon | 100.0 | 100.0 | 100.0 |  -nan | 100.0 | 263.8
               +-------+-------+-------+-------+-------+----------------------

Vanquished Creatures
  3 big kobolds (D:4)
  A scorpion (D:4)
  4 orc priests
  2 hounds
  A giant frog skeleton (D:4)
  Jessica (D:3)
  Terence (D:3)
  9 adders
  2 gnolls (D:4)
  A worm (D:4)
  A giant gecko (D:3)
  8 orcs
  3 ball pythons
  3 giant cockroaches
  25 goblins
  16 hobgoblins
  15 jackals
  11 kobolds
  6 bats
  4 giant newts
  6 rats
123 creatures vanquished.

Vanquished Creatures (collateral kills)
  2 adders
  2 orcs (D:3)
  A bat (D:3)
  2 goblins (D:1)
  A jackal (D:3)
  A giant newt (D:1)
  A rat (D:3)
10 creatures vanquished.

Vanquished Creatures (others)
  A hound skeleton (D:4)
  A bat skeleton (D:2)
  A goblin zombie (D:4)
  A human zombie (D:3)
  2 jackal skeletons (D:4)
  A jackal zombie (D:4)
  An orc zombie (D:4)
8 creatures vanquished.

Grand Total: 141 creatures vanquished

Notes
Turn   | Place    | Note
--------------------------------------------------------------
     0 | D:1      | gw, the Deep Elf Necromancer, began the quest for the Orb.
     0 | D:1      | Reached XP level 1. HP: 10/10 MP: 5/5
     2 | D:1      | Learned a level 1 spell: Animate Skeleton
   527 | D:1      | Reached XP level 2. HP: 15/15 MP: 6/8
  1382 | D:1      | Reached skill level 5 in Necromancy
  1551 | D:2      | Reached skill level 1 in Fighting
  1551 | D:2      | Reached XP level 3. HP: 15/20 MP: 5/12
  1719 | D:2      | Learned a level 3 spell: Vampiric Draining
  1723 | D:2      | Learned a level 3 spell: Regeneration
  2407 | D:2      | Reached skill level 1 in Armour
  2407 | D:2      | Reached XP level 4. HP: 17/25 MP: 7/15
  2609 | D:2      | Learned a level 4 spell: Animate Dead
  3125 | D:3      | Noticed Jessica
  3128 | D:3      | Killed Jessica
  3362 | D:3      | Your ally Jessica died
  3558 | D:3      | Noticed Terence
  3563 | D:3      | Killed Terence
  3563 | D:3      | Reached skill level 5 in Spellcasting
  3566 | D:3      | Reached XP level 5. HP: 21/30 MP: 10/19
  4113 | D:3      | Found an iron altar of Okawaru.
  4617 | D:3      | Found an opulent altar of Gozag.
  5241 | D:4      | Reached XP level 6. HP: 23/35 MP: 14/21
  5249 | D:4      | Reached skill level 6 in Spellcasting
  5506 | D:4      | Learned a level 4 spell: Control Undead
  5536 | D:4      | Found Fraah's Magic Scroll Boutique.
  6208 | D:4      | Found an ancient bone altar of Kikubaaqudgha.
  6216 | D:4      | Became a worshipper of Kikubaaqudgha
  6410 | D:4      | Reached XP level 7. HP: 21/40 MP: 9/24
  6891 | D:4      | Acquired Kikubaaqudgha's first power
  6891 | D:4      | Received a gift from Kikubaaqudgha
  6960 | D:4      | Identified Kikubaaqudgha's Tome of Stolen Souls (Kikubaaqudgha gifted it to you on level 4 of the Dungeon)
  6993 | D:4      | Slain by a gnoll

Action                   |  1- 3 |  4- 6 |  7- 9 || total
-------------------------+-------+-------+-------++-------
Melee: Short sword       |       |     7 |       ||     7
 Cast: Pain              |    65 |   163 |    43 ||   271
       Animate Skeleton  |    13 |     3 |       ||    16
       Animate Dead      |       |    15 |     3 ||    18
       Vampiric Draining |       |     1 |     1 ||     2
  Use: Scroll            |     4 |     3 |       ||     7
       Potion            |     2 |     4 |       ||     6
 Stab: Distracted        |       |     1 |       ||     1
  Eat: Chunk             |     4 |    15 |     2 ||    21

Vault maps used:
D:1:      wheals_arrival_linesprint
D:3:      nicolae_overflow_crystal_walls, nicolae_gozag_seed_capital,
          uniq_terence, uniq_jessica
D:4:      minmay_goblin_kobold_castle, lemuel_doored_altar, serial_shops,
          nicolae_shop_temple_entry_statues_fountains, first_bread
